 Seeded DCSS version 0.30-a0-748-ge6a52f7cba (webtiles) character file.

Game seed: 11144483241513982212 (custom seed)

44 RapScallion the Chopper (level 3, 0/28 HPs)
             Began as a Demonspawn Gladiator on Feb 8, 2023.
             Slain by a gnoll
             ... wielding a +0 club
              (6 damage)
             ... on level 2 of the Dungeon.
             The game lasted 00:02:48 (992 turns).

RapScallion the Chopper (Demonspawn Gladiator)       Turns: 992, Time: 00:02:48

Health: 0/28       AC:  7    Str: 16    XL:     3   Next: 39%
Magic:  3/3        EV: 12    Int:  9    God:
Gold:   27         SH:  0    Dex: 14    Spells: 2/2 levels left

rFire   . . .      SeeInvis .    g - +2 whip (vamp)
rCold   . . .      Faith    .    (no shield)
rNeg    . . .      Spirit   .    b - +0 leather armour
rPois   .          Reflect  .    c - +0 helmet
rElec   .          Harm     .    j - +2 cloak
rCorr   .          Rampage  .    (no gloves)
Will    .....                    (no boots)
Stlth   +                        (no amulet)
HPRegen 0.24/turn                (no ring)
MPRegen 0.16/turn                (no ring)

@: no status effects
A: magic regeneration, demonic magic 1
a: no special abilities


You were on level 2 of the Dungeon.
You visited 1 branch of the dungeon, and saw 2 of its levels.

You collected 27 gold pieces.

Inventory:

Hand Weapons
 a - a +0 war axe
 g - a +2 vampiric whip (weapon)
Missiles
 d - 3 throwing nets (quivered)
 e - a javelin
Armour
 b - a +0 leather armour (worn)
 c - a +0 helmet (worn)
 j - a +2 cloak (worn)
Scrolls
 f - a scroll of magic mapping {unknown}
 i - 2 scrolls of identify {unknown}
 l - a scroll of teleportation {unknown}
Potions
 h - a potion of berserk rage {unknown}
 k - a potion of lignification {unknown}


   Skills:
 + Level 2.7 Fighting
 - Level 3.0(3.1) Axes
 + Level 0.9(2.1) Maces & Flails
 - Level 2.1 Throwing
 - Level 3.0 Dodging


You had 2 spell levels left.
You didn't know any spells.
Your spell library was empty.

Dungeon Overview and Level Annotations

Branches:
Dungeon (2/15)

Altars:

Shops:
D:1 =


Innate Abilities, Weirdness & Mutations

You regenerate magic rapidly.
Spells you cast may paralyse adjacent enemies.


Message History

The gnoll barely misses you. The gnoll hits you with a +0 club. x2
The gnoll hits you but does no damage.
You hit the gnoll.
You feel better.
You kill the gnoll!
The gnoll closely misses you. The gnoll completely misses you.
The gnoll closely misses you.
You have reached level 3!
Your experience leads to an increase in your attributes!
Increase (S)trength, (I)ntelligence, or (D)exterity?
You feel stronger. x2; Your demonic ancestry asserts itself...
A menacing aura infuses your magic.
You hit the gnoll.
You feel better.
The gnoll is moderately wounded.
The gnoll misses you. The gnoll hits you with a +0 club.
The gnoll hits you but does no damage.
You closely miss the gnoll.
The gnoll is moderately wounded.
The gnoll hits you but does no damage. x2; The gnoll misses you.
You hit the gnoll.
You feel better.
The gnoll is severely wounded.
The gnoll closely misses you. x2; The gnoll hits you with a +0 club.
You barely miss the gnoll.
The gnoll is severely wounded.
The gnoll hits you with a +0 spear. The gnoll barely misses you.
The gnoll hits you but does no damage.
You hit the gnoll.
You feel better.
You kill the gnoll!
The gnoll closely misses you. The gnoll barely misses you.
You hit the gnoll but do no damage.
The gnoll is moderately wounded.
The gnoll hits you with a +0 club. x2
* * * LOW HITPOINT WARNING * * *
You hit the gnoll.
You feel better.
The gnoll is heavily wounded.
The gnoll completely misses you. The gnoll hits you with a +0 club.
* * * LOW HITPOINT WARNING * * *
You hit the gnoll but do no damage.
The gnoll is heavily wounded.
The gnoll hits you with a +0 club.
You die...

#...## ###..#
#..# #..####
#.....##
##.##..###
#.###...## #..
###g)## ##.
##@.#
......g)......#
#.######..###..
.# .## .# ##


You could see 2 gnolls.

Vanquished Creatures
  2 gnolls (D:2)
  3 ball pythons (D:1)
  A goblin (D:1)
  3 hobgoblins (D:1)
  5 jackals (D:1)
  2 kobolds (D:1)
  A quokka (D:1)
  A bat (D:1)
  3 frilled lizards (D:1)
  2 rats (D:1)
23 creatures vanquished.

Notes
Turn   | Place    | Note
-------+----------+-------------------------------------------
     0 | D:1      | RapScallion the Demonspawn Gladiator began the quest for
                  | the Orb.
     0 | D:1      | Reached XP level 1. HP: 16/16 MP: 1/1
    91 | D:1      | Gained mutation: You regenerate magic rapidly. [demonic
                  | ancestry]
    91 | D:1      | Reached XP level 2. HP: 19/22 MP: 2/2
   196 | D:1      | Found Ruwapp's Jewellery Boutique.
   211 | D:1      | Found a faded altar of an unknown god.
   424 | D:1      | HP: 1/23 [poisoned by a kobold]
   985 | D:2      | Gained mutation: Spells you cast may paralyse adjacent
                  | enemies. [demonic ancestry]
   985 | D:2      | Reached XP level 3. HP: 13/28 MP: 3/3
   992 | D:2      | Slain by a gnoll

Illustrated notes

Levels and vault maps discovered:
D:1:      dpeg_arrival_brainrot, layout_loops_ring,
          chequers_ecumenical_altar_simple, serial_shops,
          nicolae_shop_hallway_plus
D:2:      layout_rooms, uniq_natasha

Skill      XL: |  1  2 |
---------------+-------+-----
Throwing       | 2 |  2.1
Axes           | 3 |  3.0
Dodging        | 3 |  3.0
Fighting       | |  2.7
Maces & Flails | |  0.9

Action                     || total
---------------------------++-------
  Melee: War axe           ||    47
         Whip              ||    16
    Use: Potion            ||     1
   Stab: Sleeping          ||     1
 Armour: Leather armour    ||    26
  Dodge: Dodged            ||    58

Table legend: (Time is in decaauts)
 A = Elapsed time spent in this place.
 B = Non-inter-level travel time spent in this place.
 C = Inter-level travel time spent in this place.
 D = Time resting spent in this place.
 E = Time spent auto-exploring this place.
 F = Levels seen in this place.
 G = Mean time per level.
                   A        B        C        D        E       F      G
               +--------+--------+--------+--------+--------+-----+--------+
         Total |   1008 |    977 |     31 |      0 |    789 |   2 |  504.0 |
       Dungeon |   1008 |    977 |     31 |      0 |    789 |   2 |  504.0 |
               +--------+--------+--------+--------+--------+-----+--------+

Top non-repeatable levels by time:
     D:1: 965 daAuts
     D:2: 42 daAuts
